 Dungeon Crawl Stone Soup version 0.26-a0-639-g72c4674329 (webtiles) character file.

Game seed: 11593120925880701291

214 Borgoz the Chopper (level 5, 0/47 HPs)
             Began as a Hill Orc Berserker on Sept 19, 2020.
             Was a Believer of Trog.
             Slain by an orc wizard
             ... wielding a +0 dagger
              (3 damage)
             ... on level 4 of the Dungeon.
             The game lasted 00:04:06 (4379 turns).

Borgoz the Chopper (Hill Orc Berserker)             Turns: 4379, Time: 00:04:06

Health: 0/47       AC:  3    Str: 20    XL:     5   Next: 92%
Magic:  5/5        EV: 12    Int:  7    God:    Trog [**....]
Gold:   153        SH:  0    Dex: 11    Spells: 4/4 levels left

rFire    . . .     SeeInvis .   a - +0 hand axe
rCold    . . .     Faith    .   (no shield)
rNeg     . . .     Spirit   .   h - +0 leather armour {rPois}
rPois    +         Reflect  .   (no helmet)
rElec    .         Harm     .   (no cloak)
rCorr    .         Rampage  .   (no gloves)
MR       .....                  (no boots)
Stlth    +.........             f - amulet of magic regeneration
HPRegen  0.15/turn              (no ring)
MPRegen  0.34/turn              (no ring)

@: slowed, very slow
A: no striking features
a: Berserk, Trog's Hand, Renounce Religion


You were on level 4 of the Dungeon.
You worshipped Trog.
Trog was pleased with you.
You visited 1 branch of the dungeon, and saw 4 of its levels.

You collected 153 gold pieces.

Inventory:

Hand Weapons
 a - a +0 hand axe (weapon)
 b - a +0 flail
Armour
 h - a +0 leather armour of poison resistance (worn)
Jewellery
 f - an amulet of magic regeneration (around neck)
Wands
 o - a wand of disintegration (18)
Scrolls
 c - 3 scrolls of teleportation {unknown}
 g - 3 scrolls of identify {unknown}
 j - 2 scrolls of remove curse
 l - a scroll of blinking {unknown}
 m - a scroll of noise {unknown}
 n - a scroll of immolation {unknown}
 p - a scroll of enchant weapon {unknown}
Potions
 d - a potion of resistance {unknown}
 e - a potion of lignification {unknown}
 i - a potion of invisibility {unknown}
 k - 2 potions of flight {unknown}


   Skills:
 + Level 4.9 Fighting
 + Level 5.3 Axes
 + Level 3.7 Armour
 + Level 2.7 Dodging


You had 4 spell levels left.
You didn't know any spells.
Your spell library was empty.

Dungeon Overview and Level Annotations

Branches:
Dungeon (4/15)
 Temple: D:4-7

Altars:


Message History

The orc wizard casts a spell at you. The magic dart hits you!
* * * LOW HITPOINT WARNING * * *
The orc wizard closely misses you.
You barely miss the orc wizard.
The orc wizard is lightly wounded.
The orc wizard points at you and mumbles some strange words.
The magic dart hits you.
* * * LOW HITPOINT WARNING * * *
You hit the orc wizard.
The orc wizard is heavily wounded.
The orc wizard hits you but does no damage.
The orc wizard casts a spell.
The orc wizard seems to speed up.
You barely miss the orc wizard.
The orc wizard is heavily wounded.
The orc wizard hits you with a +0 dagger.
* * * LOW HITPOINT WARNING * * *
The orc wizard hits you with a +0 dagger.
You die...

.. ## #. ...
#.## ...# #..#
# #...##..# .#.
#..#..####....
#....)#......
#.o@).......
##...####?.. .#
#...# .# #...##
..# ##...###
#..###
###...###......
###.......#
###....##
#.....#


You could see an orc wizard (fast).

Vanquished Creatures
  An orc priest (D:4)
  A hound (D:4)
  An orc wizard (D:4)
  3 gnolls (D:3)
  An ooze (D:2)
  An ufetubus (D:4)
  3 worms
  A dart slug (D:1)
  2 leopard geckos
  7 orcs
  4 giant cockroaches
  3 goblins
  6 hobgoblins
  7 jackals
  A quokka (D:2)
  10 bats
  9 frilled lizards
  8 kobolds
  6 rats
  A bush (D:1)
76 creatures vanquished.

Vanquished Creatures (others)
  2 plants (D:1)
2 creatures vanquished.

Grand Total: 78 creatures vanquished

Notes
Turn   | Place    | Note
-------+----------+-------------------------------------------
     0 | D:1      | Borgoz the Hill Orc Berserker began the quest for the Orb.
     0 | D:1      | Reached XP level 1. HP: 19/19 MP: 1/1
   350 | D:1      | Reached XP level 2. HP: 24/27 MP: 2/2
   809 | D:1      | Reached XP level 3. HP: 24/33 MP: 3/3
  1942 | D:3      | Reached ** piety under Trog
  2340 | D:2      | Reached XP level 4. HP: 29/40 MP: 4/4
  3608 | D:4      | Reached XP level 5. HP: 30/47 MP: 5/5
  3609 | D:4      | Reached skill level 5 in Axes
  4379 | D:4      | Slain by an orc wizard

Illustrated notes

Levels and vault maps discovered:
D:1:      mrwooster_arrival_statue, layout_basic, serial_forest,
          infiniplex_forest_pool, infiniplex_forest_end_1,
          infiniplex_forest_fountain, infiniplex_forest_diagonal,
          infiniplex_forest_zigzag_1, infiniplex_forest_lined_room_,
          minivault_25
D:2:      layout_basic
D:3:      layout_rooms
D:4:      layout_layer_cave, nicolae_overflow_hidden_temple,
          kennysheep_cross_room, uniq_pikel

Skill      XL: |  1  2  3  4  5 |
---------------+----------------+-----
Fighting       | 4 |  4.9
Dodging        | 2 |  2.7
Armour         | 3 |  3.7
Axes           | 5 |  5.3

Action                   |  1- 3 |  4- 6 || total
-------------------------+-------+-------++-------
Melee: Hand axe          |   277 |    96 ||   373
Invok: Berserk           |     2 |     2 ||     4
  Use: Scroll            |     1 |       ||     1
 Stab: Sleeping          |     1 |       ||     1
Armor: Animal skin       |    39 |       ||    39
       Leather armour    |    15 |    12 ||    27
Dodge: Dodged            |   139 |    50 ||   189

Table legend: (Time is in decaauts)
 A = Elapsed time spent in this place.
 B = Non-inter-level travel time spent in this place.
 C = Inter-level travel time spent in this place.
 D = Time resting spent in this place.
 E = Time spent auto-exploring this place.
 F = Levels seen in this place.
 G = Mean time per level.
                   A        B        C        D        E       F      G
               +--------+--------+--------+--------+--------+-----+--------+
         Total |   4443 |   4143 |    300 |   1130 |   2262 |   4 | 1110.8 |
       Dungeon |   4443 |   4143 |    300 |   1130 |   2262 |   4 | 1110.8 |
               +--------+--------+--------+--------+--------+-----+--------+

Top non-repeatable levels by time:
     D:1: 1464 daAuts
     D:2: 1145 daAuts
     D:3: 1011 daAuts
     D:4: 820 daAuts
